 Dungeon Crawl Stone Soup version 0.30-a0-737-gf23d94013f (webtiles) character file.

Game seed: 9166936561868729651

1656 IdlyInterested the Fighter (level 8, -3/65 (71) HPs)
             Began as a Demonspawn Artificer on Feb 2, 2023.
             Slain by a wight
             ... wielding a +1 hand axe
              (5 damage)
             ... on level 6 of the Dungeon.
             The game lasted 00:16:21 (5463 turns).

IdlyInterested the Fighter (Demonspawn Artificer)   Turns: 5463, Time: 00:16:21

HP:   -3/65 (71)    AC: 18    Str: 14    XL:     8   Next: 68%
MP:   8/8           EV:  9    Int: 13    God:
Gold: 70            SH:  3    Dex: 14    Spells: 7/7 levels left

rFire   . . .      SeeInvis .    Q - +4 flail (heavy)
rCold   . . .      Faith    .    Y - +0 buckler
rNeg    . . .      Spirit   .    m - +0 plate armour
rPois   .          Reflect  .    g - +1 hat
rElec   .          Harm     .    I - +0 cloak
rCorr   .          Rampage  .    n - +0 pair of gloves
Will    .....                    (no boots) Stlth
                                 (no amulet)
HPRegen 0.30/turn                E - +5 ring of evasion
MPRegen 0.11/turn                L - ring of flight

@: flying, drained
A: hooves 1, yellow scales 2, powered by death 2
a: no special abilities


You were on level 6 of the Dungeon.
You visited 2 branches of the dungeon, and saw 7 of its levels.

You collected 250 gold pieces.
You spent 180 gold pieces at shops.

Inventory:

Hand Weapons
 q - a +0 dagger
 r - a +2 spear of flaming
 w - a +4 spear
 C - a +0 flail
 D - a +0 short sword
 J - a +0 quarterstaff
 K - a +0 hand axe
 P - a +0 hand axe of draining
 Q - a +4 heavy flail (weapon)
 S - a +0 dagger of venom
 V - a +0 falchion
 W - a +0 trident
 Z - a +1 dagger of pain
Missiles
 f - 2 throwing nets
 y - 39 stones (quivered)
 M - 10 boomerangs
 N - 7 poisoned darts
 U - a curare-tipped dart
Armour
 g - a +1 hat (worn)
 m - a +0 plate armour (worn)
 n - a +0 pair of gloves (worn)
 H - a +0 helmet
 I - a +0 cloak (worn)
 O - a +0 ring mail of willpower
 Y - a +0 buckler (worn)
Jewellery
 E - a +5 ring of evasion (left hand)
 L - a ring of flight (right hand)
Wands
 c - a wand of flame (15)
 d - a wand of charming (15)
 e - a wand of iceblast (5)
Scrolls
 a - 2 scrolls of blinking {unknown}
 j - a scroll of enchant armour {unknown}
 k - 3 scrolls of teleportation {unknown}
 o - a scroll of immolation {unknown}
 p - a scroll of silence {unknown}
 s - a scroll of poison {unknown}
 u - a scroll of torment {unknown}
 x - 5 scrolls of identify {unknown}
 B - 2 scrolls of noise {unknown}
 F - a scroll of vulnerability {unknown}
 G - a scroll of magic mapping
 R - a scroll of enchant weapon
Potions
 b - 2 potions of resistance {unknown}
 h - 4 potions of curing {unknown}
 i - 3 potions of degeneration {unknown}
 l - 4 potions of attraction {unknown}
 t - 2 potions of brilliance {unknown}
 v - a potion of invisibility {unknown}
 z - 2 potions of magic {unknown}
 A - a potion of lignification {unknown}
 T - a potion of might {unknown}
 X - a potion of ambrosia {unknown}


   Skills:
 + Level 9.3 Fighting
 - Level 1.0 Throwing
 - Level 4.0 Armour
 * Level 3.1 Dodging
 - Level 1.0 Stealth
 - Level 4.0 Evocations


You had 7 spell levels left.
You didn't know any spells.
Your spell library contained the following spells:

 Spells                   Type           Power      Damage    Failure   Level
 Apportation              Tloc           0%         N/A       100%        1
 Necrotise                Necr           0%         1d4       100%        1
 Summon Small Mammal      Summ           0%         N/A       100%        1


Dungeon Overview and Level Annotations

Branches:
Dungeon (6/15)             Temple (1/1) D:5

Altars:
Ashenzari
Fedhas
Gozag
Hepliaklqana
Makhleb
Nemelex Xobeh
Okawaru
Qazlal
Ru
Vehumet
Wu Jian
Yredelemnul

Shops:
D:1 ?   D:6 (


Innate Abilities, Weirdness & Mutations

You have large cloven feet.
You are mostly covered in yellow scales. (AC +3)
You regenerate health from kills.


Message History

You bludgeon the wight!!
You destroy the wight!
The wight misses you. The wight closely misses you.
A wight comes into view. It is wielding a +1 hand axe.
The wight hits you but does no damage. The wight barely misses you.
You sock the wight!
The wight is severely damaged.
The wight closely misses you. The wight hits you but does no damage.
The wight closely misses you.
You closely miss the wight.
The wight is severely damaged.
The wight hits you from afar with a +0 halberd.
The wight closely misses you. The wight hits you but does no damage.
The wight closely misses you.
You sock the wight!
You destroy the wight!
The wight barely misses you. The wight completely misses you.
Your Dodging skill increases to level 3!
A wight comes into view.
It is wielding a +4 battleaxe of freezing.
You hit the wight. You kick the wight, but do no damage.
The wight is moderately damaged.
The wight hits you but does no damage. x2
The wight hits you with a +1 hand axe.
You feel drained. The wight hits you but does no damage.
The wight hits you with a +0 halberd!
* * * LOW HITPOINT WARNING * * *
You block the wight's attack.
You closely miss the wight. The wight hits you with a +0 halberd.
* * * LOW HITPOINT WARNING * * *
You block the wight's attack. The wight hits you but does no damage.
The wight closely misses you.
You thump the wight! Your kick misses the wight.
The wight is severely damaged.
The wight hits you with a +0 halberd!
* * * LOW HITPOINT WARNING * * *
The wight closely misses you. The wight hits you with a +0 halberd.
* * * LOW HITPOINT WARNING * * *
You feel drained.
* * * LOW HITPOINT WARNING * * *
The wight hits you with a +1 hand axe.
You die...

#### #..# #..# ###
#..# .>. #<.#
#.##### ##.#
#.#..)# .# #.#.#@#
## #.#.#zzz.....
#...#########
##...## ####....†##
#...).....#
#.#...∩...#
#########.#.......#
......)....#.....##


You could see 3 wights.

Vanquished Creatures
  Edmund (D:5)
  A water moccasin (D:6)
  A black bear (D:4)
  An ogre (D:4)
  3 phantoms
  A kobold brigand (D:6)
  2 necrophages (D:5)
  A scorpion (D:5)
  2 wights (D:6)
  3 hounds
  A jelly (D:6)
  3 orc priests
  4 iguanas
  2 orc wizards
  10 gnolls
  11 adders
  A white imp (D:5)
  An ufetubus (D:5)
  2 worms (D:2)
  3 dart slugs
  13 orcs
  2 endoplasms
  A giant cockroach (D:2)
  5 goblins
  10 hobgoblins
  7 jackals
  6 quokkas
  7 ball pythons
  5 bats
  13 kobolds
  2 rats
  A butterfly (D:5)
126 creatures vanquished.

Notes
Turn   | Place    | Note
-------+----------+-------------------------------------------
     0 | D:1      | IdlyInterested the Demonspawn Artificer began the quest for
                  | the Orb.
     0 | D:1      | Reached XP level 1. HP: 15/15 MP: 1/1
    55 | D:1      | Reached skill level 1 in Dodging
   137 | D:1      | Gained mutation: You have large cloven feet. [demonic
                  | ancestry]
   137 | D:1      | Reached XP level 2. HP: 10/21 MP: 2/2
   302 | D:1      | Found Maely's Magic Scroll Shop.
   878 | D:2      | Reached skill level 1 in Stealth
   878 | D:2      | Reached XP level 3. HP: 27/27 MP: 3/3
   943 | D:2      | Reached skill level 2 in Fighting
  1112 | D:2      | Reached skill level 1 in Throwing
  1600 | D:3      | Gained mutation: You are partially covered in yellow
                  | scales. (AC +2) [demonic ancestry]
  1600 | D:3      | Reached XP level 4. HP: 32/34 MP: 4/4
  1601 | D:3      | Reached skill level 3 in Fighting
  2037 | D:1      | Bought a scroll of magic mapping for 90 gold pieces
  2234 | D:3      | Reached skill level 4 in Fighting
  2289 | D:3      | Gained mutation: You regenerate a little health from kills.
                  | [demonic ancestry]
  2289 | D:3      | Reached XP level 5. HP: 42/42 MP: 5/5
  2785 | D:4      | Noticed an ogre
  2800 | D:4      | Killed an ogre
  2804 | D:4      | Gained mutation: You are mostly covered in yellow scales.
                  | (AC +3) [demonic ancestry]
  2804 | D:4      | Reached XP level 6. HP: 39/49 MP: 6/6
  2811 | D:4      | Found an ornate altar of the Wu Jian Council.
  2852 | D:4      | Found a sacrificial altar of Ru.
  3419 | D:4      | Reached skill level 5 in Fighting
  3696 | D:5      | Entered Level 5 of the Dungeon
  3789 | D:5      | Gained mutation: You regenerate health from kills. [demonic
                  | ancestry]
  3789 | D:5      | Reached XP level 7. HP: 54/56 MP: 7/7
  3939 | D:5      | Reached skill level 6 in Fighting
  4134 | D:5      | Reached skill level 7 in Fighting
  4261 | D:5      | Reached XP level 8. HP: 65/67 MP: 8/8
  4285 | D:5      | Noticed Edmund
  4298 | D:5      | Killed Edmund
  4299 | D:5      | Reached skill level 8 in Fighting
  4552 | D:5      | Found a staircase to the Ecumenical Temple.
  4563 | Temple   | Entered the Ecumenical Temple
  4563 | Temple   | Found a transporter.
  4563 | Temple   | Found a transporter.
  4565 | Temple   | Found a transporter.
  4565 | Temple   | Found a transporter.
  4825 | D:1      | Bought a scroll of enchant weapon for 90 gold pieces
  5178 | D:6      | Reached skill level 9 in Fighting
  5362 | D:6      | Found Ufyerr's Weapon Shoppe.
  5463 | D:6      | HP: 3/67 [wight/+0 halberd (3)]
  5463 | D:6      | Slain by a wight

Illustrated notes

Levels and vault maps discovered:
D:1:      amcnicky_arrival_blooded_trapdoor, layout_rooms, serial_shops,
          nicolae_shop_behind_doors
D:2:      layout_loops_ring
D:3:      layout_basic
D:4:      layout_loops_corners, nicolae_wu_jian_wuxing_cycle,
          nicolae_ru_awakened_eye, hangedman_glass_teeth, minivault_26
D:5:      layout_basic, minmay_temple_entry_butterflies, uniq_edmund
D:6:      layout_basic, serial_shops, nicolae_shop_bloodbath_and_beyond
Temple:   hellmonk_temple_divided_pantheon

Skill      XL: |  1  2  3  4  5  6  7  8 |
---------------+-------------------------+-----
Armour         | 2 3 4 |  4.0
Dodging        | 1 2 3 |  3.1
Stealth        | 1 |  1.0
Fighting       | 2 4 5 7 9 |  9.3
Throwing       | 1 |  1.0
Evocations     | 4 |  4.0

Action                     |  1- 3 |  4- 6 |  7- 9 || total
---------------------------+-------+-------+-------++-------
  Melee: Club              |    41 |       |       ||    41
         Spear             |    50 |   156 |   156 ||   362
         Mace              |     7 |       |       ||     7
         Kick              |    19 |    37 |    60 ||   116
         Punch             |       |     1 |     1 ||     2
         Flail             |       |       |    60 ||    60
  Throw: Stone             |       |    11 |       ||    11
         Dart              |       |       |     4 ||     4
 Armour: Leather armour    |    13 |       |       ||    13
         Ring mail         |    20 |     7 |    17 ||    44
         Scale mail        |       |    35 |    33 ||    68
         Plate armour      |       |       |    87 ||    87
  Dodge: Dodged            |    61 |   111 |   161 ||   333
  Block: Buckler           |       |       |     7 ||     7

Table legend: (Time is in decaauts)
 A = Elapsed time spent in this place.
 B = Non-inter-level travel time spent in this place.
 C = Inter-level travel time spent in this place.
 D = Time resting spent in this place.
 E = Time spent auto-exploring this place.
 F = Levels seen in this place.
 G = Mean time per level.
                   A        B        C        D        E       F      G
               +--------+--------+--------+--------+--------+-----+--------+
         Total |   5586 |   4688 |    898 |    565 |   2555 |   7 |  798.0 |
       Dungeon |   5554 |   4658 |    896 |    565 |   2555 |   6 |  925.7 |
        Temple |     32 |     31 |      1 |      0 |      0 |   1 |   32.0 |
               +--------+--------+--------+--------+--------+-----+--------+

Top non-repeatable levels by time:
     D:4: 1282 daAuts
     D:5: 1111 daAuts
     D:3: 931 daAuts
     D:2: 927 daAuts
     D:1: 848 daAuts
     D:6: 453 daAuts
  Temple: 32 daAuts
